 Dungeon Crawl Stone Soup version 0.20-a0-924-gfa95efa (webtiles) character file.

195 Goblin1989 the Slasher (level 5, 0/42 HPs)
             Began as a Barachi Gladiator on Mar 26, 2017.
             Was an Initiate of Okawaru.
             Slain by a gnoll
             ... wielding a +0 whip
              (2 damage)
             ... on level 3 of the Dungeon on Mar 27, 2017.
             The game lasted 00:19:06 (2706 turns).

Goblin1989 the Slasher (Barachi Gladiator)          Turns: 2706, Time: 00:19:07

Health: 0/42       AC:  6    Str: 16    XL:     5   Next: 74%
Magic:  5/5        EV: 13    Int:  8    God:    Okawaru [......]
Gold:   56         SH:  0    Dex: 14    Spells: 4/4 levels left

rFire    . . .     SeeInvis .   a - +0 long sword
rCold    . . .     Gourm    .   (no shield)
rNeg     . . .     Faith    .   j - +0 ring mail
rPois    .         Spirit   .   c - +0 helmet
rElec    .         Reflect  .   (no cloak)
rCorr    .         Harm     .   (no gloves)
MR       .....                  (no boots)
Stlth    +.........             (no amulet)
Regen    0.2/turn               (no ring)
MPRegen  0.1/turn               (no ring)

@: slow
A: +LOS, swims, slowness 1, strong legs 1
a: Hop, Renounce Religion


You were on level 3 of the Dungeon.
You worshipped Okawaru.
Okawaru was noncommittal.
You were hungry.

You visited 1 branch of the dungeon, and saw 3 of its levels.

You collected 56 gold pieces.

Inventory:

Hand Weapons
 a - a +0 long sword (weapon)
Missiles
 t - 27 bolts
 Z - 2 throwing nets (quivered) {!d, =f}
Armour
 c - a +0 helmet (worn)
 j - a +0 ring mail (worn)
Scrolls
 b - a scroll of immolation {unknown}
 d - 6 scrolls of identify {unknown}
 k - a scroll of fog {unknown}
 o - 2 scrolls of teleportation {unknown}
 r - a scroll of enchant armour {unknown}
Potions
 i - 3 potions of curing {unknown}
 l - 2 potions of might {unknown}
 m - a potion of lignification {unknown}
 n - a potion of heal wounds {unknown}
 q - a potion of berserk rage {unknown}
 s - a potion of flight {unknown}
Comestibles
 e - a bread ration {@e1}
 p - 3 royal jellies


   Skills:
 + Level 3.8 Fighting
 * Level 5.2 Long Blades
 - Level 3.0 Throwing
 + Level 1.0 Armour
 + Level 4.2 Dodging


You had 4 spell levels left.
You didn't know any spells.

Dungeon Overview and Level Annotations

Branches:
Dungeon (3/15)

Altars:
Dithmenos
Okawaru
Xom


Innate Abilities, Weirdness & Mutations

Shadows flee at your approach. (+LOS)
You can swim through water.
You cover ground slowly.
You can hop short distances.


Message History

You are too injured to fight recklessly!
You are too injured to fight recklessly!
You are too injured to fight recklessly!
You are too injured to fight recklessly!
You are too injured to fight recklessly!
Unknown command.
You are too injured to fight recklessly!
You are too injured to fight recklessly!
You are too injured to fight recklessly!
You are too injured to fight recklessly!
You are too injured to fight recklessly!
You are too injured to fight recklessly!
You are too injured to fight recklessly!
You are too injured to fight recklessly!
You are too injured to fight recklessly!
You are too injured to fight recklessly!
You are too injured to fight recklessly!
You are too injured to fight recklessly!
You are too injured to fight recklessly!
You are too injured to fight recklessly!
You are too injured to fight recklessly!
You are too injured to fight recklessly!
You are too injured to fight recklessly!
You are too injured to fight recklessly!
You are too injured to fight recklessly!
You are too injured to fight recklessly!
You are too injured to fight recklessly!
You are too injured to fight recklessly!
You are too injured to fight recklessly!
You are too injured to fight recklessly!
You are too injured to fight recklessly!
You are too injured to fight recklessly!
You are too injured to fight recklessly!
You are too injured to fight recklessly!
You are too injured to fight recklessly!
You are too injured to fight recklessly!
You are too injured to fight recklessly!
You are too injured to fight recklessly!
You are too injured to fight recklessly!
You are too injured to fight recklessly!
You closely miss the gnoll.
The gnoll is heavily wounded.
The gnoll misses you. The gnoll barely misses you.
Unknown command.
Unknown command.
You barely miss the gnoll.
The gnoll is heavily wounded.
The gnoll hits you from afar with a spear!
The gnoll misses you.
You slash the gnoll!
You kill the gnoll!
Okawaru accepts your kill. The gnoll closely misses you.
The gnoll hits you from afar with a spear.
* * * LOW HITPOINT WARNING * * *
A gnoll comes into view. It is wielding a whip.
You take 18 damage, and have 18/42 hp.
MASSIVE DAMAGE!!
The gnoll hits you but does no damage. The gnoll hits you with a spear.
* * * LOW HITPOINT WARNING * * *
Things that are here:
a spear; a gnoll corpse You take 3 damage, and have 15/42 hp.
You hit the gnoll.
The gnoll is lightly wounded.
The gnoll misses you. x2; The gnoll hits you with a whip.
* * * LOW HITPOINT WARNING * * *
You take 1 damage, and have 14/42 hp.
Unknown command.
You slash the gnoll!
The gnoll is severely wounded.
The gnoll hits you with a spear.
* * * LOW HITPOINT WARNING * * *
The gnoll misses you.
You take 5 damage, and have 9/42 hp.
Unknown command.
You hit the gnoll.
The gnoll is almost dead.
The gnoll hits you with a spear.
* * * LOW HITPOINT WARNING * * *
The gnoll barely misses you.
Unknown command.
You hit the gnoll.
You kill the gnoll!
Okawaru accepts your kill. The gnoll hits you but does no damage.
You hit the gnoll but do no damage. The gnoll closely misses you.
Unknown command.
You barely miss the gnoll. The gnoll hits you with a whip!
* * * LOW HITPOINT WARNING * * *
You take 7 damage, and have 2/42 hp.
You hit the gnoll.
The gnoll is lightly wounded.
The gnoll misses you. The gnoll barely misses you.
You riposte.
You hit the gnoll.
The gnoll is moderately wounded.
Unknown command.
You slash the gnoll!
The gnoll is almost dead.
The gnoll hits you with a whip.
You die...

███ ..█ █ ███.█
█.█.█.█ ██
█.█...█.████ █.
█....)@.)..█ █.
█████g█.██.█ █.
█.█..█.█ █.
█.█..█.█ █.
█.██.█.██████
█. █.
.█......██████.
██
███████.█......
█.█.█████ █.█.█


You could see a gnoll.

Vanquished Creatures
  Natasha (D:2)
  Robin (D:2)
  2 adders (D:2)
  6 gnolls
  An ooze (D:1)
  A worm (D:2)
  2 dart slugs
  4 leopard geckos
  An orc (D:3)
  4 giant cockroaches
  11 goblins
  11 hobgoblins
  4 jackals (D:2)
  A quokka (D:3)
  2 bats
  2 frilled lizards (D:3)
  6 kobolds
  8 rats
68 creatures vanquished.

Notes
Turn   | Place    | Note
-------+----------+-------------------------------------------
     0 | D:1      | Goblin1989 the Barachi Gladiator began the quest for the Orb.
     0 | D:1      | Reached XP level 1. HP: 17/17 MP: 1/1
   184 | D:1      | Reached XP level 2. HP: 22/23 MP: 2/2
   216 | D:1      | Upgraded the game from 0.20-a0-920-gb18bc0f to 0.20-a0-924-gfa95efa
   562 | D:1      | Reached XP level 3. HP: 29/29 MP: 3/3
   747 | D:2      | Noticed Robin
   902 | D:1      | Reached skill level 4 in Long Blades
   976 | D:2      | Killed Robin
   978 | D:2      | Reached XP level 4. HP: 34/35 MP: 4/4
  1214 | D:2      | Found a shadowy altar of Dithmenos.
  1510 | D:2      | Noticed Natasha
  1517 | D:2      | Killed Natasha
  1517 | D:2      | Reached XP level 5. HP: 35/41 MP: 5/5
  1810 | D:2      | Reached skill level 1 in Armour
  2046 | D:3      | Found a shimmering altar of Xom.
  2330 | D:3      | Found an iron altar of Okawaru.
  2373 | D:3      | Reached skill level 5 in Long Blades
  2374 | D:3      | Goblin1989: !ping
  2374 | D:3      | beem: pong
  2380 | D:3      | Became a worshipper of Warmaster Okawaru
  2704 | D:3      | HP: 2/42 [gnoll/whip (7)]
  2706 | D:3      | Slain by a gnoll

Vault maps used:
D:1:      nicolae_arrival_memento_mori, minmay_split_cup_large
D:2:      grunt_dithmenos_smoke, uniq_robin, uniq_natasha
D:3:      okawaru_altar_gauntlet_db, xom_teletrap_fun

Skill      XL: |  1  2  3  4  5 |
---------------+----------------+-----
Fighting       | 3 |  3.8
Long Blades    | 4 5 |  5.2
Throwing       | 3 |  3.0
Dodging        | 4 |  4.2
Armour         | 1 |  1.0

Action                   |  1- 3 |  4- 6 || total
-------------------------+-------+-------++-------
Melee: Long sword        |    61 |   133 ||   194
Throw: Throwing net      |     1 |       ||     1
 Stab: Held in net/web   |     2 |       ||     2
  Eat: Chunk             |       |     6 ||     6
Armor: Leather armour    |     5 |       ||     5
       Ring mail         |    28 |    57 ||    85
Dodge: Dodged            |    56 |    82 ||   138
       Rpst.: Long sword |    17 |    23 ||    40

Vault maps used:
D:1:      nicolae_arrival_memento_mori, minmay_split_cup_large
D:2:      grunt_dithmenos_smoke, uniq_robin, uniq_natasha
D:3:      okawaru_altar_gauntlet_db, xom_teletrap_fun
